[ AOE2 MATCH · #505896634 ]
UnrankedMalians vs Incas
Player's team · WIN
Rival team · LOSS
[ REPLAY ANALYSIS · EXTRACTED FROM THE RECORDED GAME ]
Feudal
8:59
Castle
—
Imperial
—
| APM avg | 52.8 |
| APM peak | 96 |
| eAPM avg | 37.6 |
| Villagers / military | 39 / 12 |
Focus
⚔️ 47.2% · 🌾 52.8%
Archer ×7 · Militia ×5
Feudal
11:46
Castle
—
Imperial
—
| APM avg | 58.8 |
| APM peak | 93 |
| eAPM avg | 25.5 |
| Villagers / military | 27 / 2 |
Focus
⚔️ 48.9% · 🌾 51.1%
Unknown (2550) ×9 · Archer ×1 · Skirmisher ×1
Match map
Initial resources + every placement click. Lines = walls · curves = elevation contours. ◆ gold · ⬟ stone · ● berries · ✦ relic · ◌ wall gap
Your base· Open — 3t gap
[LuB]myqbox's base· Open — 7t gap
Smoothed initial terrain · ◌ = detected wall gap · hover for details
Inputs per minute
— Sharky aoe - - [LuB]myqbox
Build order — Sharky aoe
89 actions detected in the replay
| 0:01 | Queue | Villager (Male) |
| 0:01 | Queue | Villager (Male) |
| 0:02 | Build | House |
| 0:10 | Build | House |
| 0:11 | Queue | Villager (Male) |
| 0:15 | Queue | Villager (Male) |
| 0:16 | Queue | Villager (Male) |
| 1:28 | Queue | Villager (Male) |
| 1:28 | Queue | Villager (Male) |
| 1:48 | Queue | Villager (Male) |
| 2:25 | Build | Lumber Camp |
| 2:29 | Queue | Villager (Male) |
| 2:30 | Queue | Villager (Male) |
| 2:30 | Queue | Villager (Male) |
| 2:30 | Queue | Villager (Male) |
| 3:06 | Queue | Villager (Male) |
| 3:06 | Queue | Villager (Male) |
| 3:47 | Build | House |
| 4:04 | Queue | Villager (Male) |
| 4:05 | Queue | Villager (Male) |
| 4:06 | Queue | Villager (Male) |
| 4:11 | Queue | Villager (Male) |
| 5:19 | Build | Barracks |
| 5:24 | Queue | Villager (Male) |
| 5:24 | Queue | Villager (Male) |
| 6:20 | Queue | Villager (Male) |
| 6:31 | Build | House |
| 6:49 | Research | Feudal Age |
| 7:08 | Queue | Militia |
| 7:26 | Queue | Militia |
| 7:33 | Build | Mining Camp |
| 7:40 | Queue | Militia |
| 8:13 | Queue | Militia |
| 8:13 | Queue | Militia |
| 8:31 | Build | House |
| 8:32 | Build | House |
| 8:36 | Build | Palisade Wall |
| 8:37 | Build | Palisade Wall |
| 8:41 | Queue | Villager (Male) |
| 8:46 | Build | Palisade Wall |
| 8:59 | Age | Feudal Age |
| 9:01 | Research | Man-at-Arms (upgrade) |
| 9:01 | Research | Man-at-Arms (upgrade) |
| 9:06 | Build | Archery Range |
| 9:07 | Build | House |
| 9:08 | Build | House |
| 9:14 | Queue | Villager (Male) |
| 9:15 | Queue | Villager (Male) |
| 9:45 | Queue | Villager (Male) |
| 9:45 | Queue | Villager (Male) |
| 10:03 | Queue | Archer |
| 10:03 | Queue | Archer |
| 10:12 | Queue | Villager (Male) |
| 10:12 | Queue | Villager (Male) |
| 10:13 | Queue | Villager (Male) |
| 10:13 | Queue | Villager (Male) |
| 10:16 | Build | Mill |
| 10:22 | Queue | Archer |
| 10:22 | Queue | Archer |
| 10:41 | Queue | Villager (Male) |
| 10:41 | Queue | Villager (Male) |
| 10:42 | Queue | Villager (Male) |
| 11:04 | Queue | Archer |
| 11:11 | Queue | Villager (Male) |
| 11:15 | Build | House |
| 11:16 | Build | House |
| 11:24 | Queue | Villager (Male) |
| 11:27 | Build | Farm |
| 11:31 | Build | Palisade Wall |
| 11:32 | Build | Palisade Wall |
| 11:33 | Build | Palisade Wall |
| 11:34 | Build | Palisade Wall |
| 11:37 | Build | Palisade Wall |
| 11:39 | Build | Palisade Wall |
| 11:39 | Queue | Villager (Male) |
| 11:45 | Queue | Archer |
| 12:04 | Build | Farm |
| 12:14 | Queue | Villager (Male) |
| 12:25 | Build | Palisade Wall |
| 12:26 | Build | Palisade Wall |
| 12:27 | Queue | Villager (Male) |
| 12:30 | Build | Farm |
| 12:30 | Build | Farm |
| 12:32 | Queue | Archer |
| 12:50 | Queue | Villager (Male) |
| 12:59 | Build | Farm |
| 13:14 | Build | Farm |
| 13:14 | Build | Farm |
| 13:16 | Build | Farm |
Build order — [LuB]myqbox
75 actions detected in the replay
| 0:00 | Queue | Villager (Male) |
| 0:01 | Queue | Villager (Male) |
| 0:03 | Build | House |
| 0:35 | Queue | Villager (Male) |
| 0:44 | Queue | Villager (Male) |
| 1:31 | Build | Settlement |
| 1:36 | Queue | Villager (Male) |
| 1:48 | Queue | Villager (Male) |
| 2:20 | Queue | Villager (Male) |
| 2:39 | Queue | Villager (Male) |
| 3:15 | Queue | Villager (Male) |
| 3:28 | Queue | Villager (Male) |
| 3:52 | Build | Barracks |
| 4:04 | Queue | Villager (Male) |
| 4:18 | Queue | Villager (Male) |
| 4:38 | Queue | Villager (Male) |
| 4:53 | Queue | Unit 2550 |
| 4:56 | Queue | Unit 2550 |
| 5:22 | Queue | Villager (Male) |
| 5:27 | Build | Settlement |
| 5:44 | Queue | Villager (Male) |
| 6:08 | Queue | Villager (Male) |
| 6:14 | Queue | Unit 2550 |
| 6:26 | Queue | Villager (Male) |
| 6:29 | Queue | Unit 2550 |
| 6:54 | Queue | Villager (Male) |
| 7:15 | Queue | Villager (Male) |
| 7:21 | Build | Palisade Wall |
| 7:33 | Build | Settlement |
| 7:37 | Queue | Villager (Male) |
| 7:43 | Queue | Villager (Male) |
| 7:49 | Queue | Unit 2550 |
| 8:03 | Queue | Villager (Male) |
| 8:26 | Build | Palisade Wall |
| 8:45 | Queue | Villager (Male) |
| 9:10 | Research | Loom |
| 9:25 | Research | Feudal Age |
| 9:25 | Research | Feudal Age |
| 9:29 | Build | Palisade Wall |
| 9:30 | Build | Palisade Wall |
| 9:30 | Build | Palisade Wall |
| 9:37 | Build | Palisade Wall |
| 9:38 | Build | Palisade Wall |
| 9:38 | Build | Palisade Wall |
| 9:39 | Build | Palisade Wall |
| 9:41 | Build | Palisade Wall |
| 9:42 | Build | Palisade Wall |
| 9:45 | Build | Palisade Wall |
| 9:46 | Build | Palisade Wall |
| 9:47 | Build | Palisade Wall |
| 9:53 | Build | Palisade Wall |
| 10:20 | Queue | Unit 2550 |
| 10:22 | Build | Settlement |
| 10:25 | Build | Farm |
| 10:26 | Build | Farm |
| 10:41 | Research | Loom |
| 10:56 | Build | Farm |
| 10:57 | Queue | Unit 2550 |
| 11:21 | Queue | Unit 2550 |
| 11:46 | Age | Feudal Age |
| 11:47 | Queue | Unit 2550 |
| 11:53 | Research | Tech 1402 |
| 11:54 | Research | Tech 1402 |
| 11:54 | Queue | Villager (Male) |
| 12:17 | Build | Stone Wall |
| 12:21 | Build | Archery Range |
| 12:31 | Queue | Villager (Male) |
| 12:45 | Research | Double-Bit Axe |
| 12:45 | Research | Double-Bit Axe |
| 12:46 | Queue | Villager (Male) |
| 13:07 | Research | Horse Collar |
| 13:07 | Research | Horse Collar |
| 13:11 | Queue | Archer |
| 13:12 | Queue | Skirmisher |
| 13:13 | Queue | Villager (Male) |
Match timeline
| 3:52 | [LuB]myqbox · first_building Barracks |
| 5:19 | Sharky aoe · first_building Barracks |
| 7:21 | [LuB]myqbox · wall_segment Palisade Wall x1 |
| 8:26 | [LuB]myqbox · wall_segment Palisade Wall x1 |
| 8:36 | Sharky aoe · wall_segment Palisade Wall x1 |
| 8:37 | Sharky aoe · wall_segment Palisade Wall x1 |
| 8:46 | Sharky aoe · wall_segment Palisade Wall x1 |
| 8:59 | Sharky aoe · age_up feudal |
| 9:06 | Sharky aoe · first_building Archery Range |
| 9:29 | [LuB]myqbox · wall_segment Palisade Wall x1 |
| 9:30 | [LuB]myqbox · wall_segment Palisade Wall x1 |
| 9:30 | [LuB]myqbox · wall_segment Palisade Wall x1 |
| 9:37 | [LuB]myqbox · wall_segment Palisade Wall x1 |
| 9:38 | [LuB]myqbox · wall_segment Palisade Wall x1 |
| 9:38 | [LuB]myqbox · wall_segment Palisade Wall x1 |
| 9:39 | [LuB]myqbox · wall_segment Palisade Wall x1 |
| 9:41 | [LuB]myqbox · wall_segment Palisade Wall x1 |
| 9:42 | [LuB]myqbox · wall_segment Palisade Wall x1 |
| 9:45 | [LuB]myqbox · wall_segment Palisade Wall x1 |
| 9:46 | [LuB]myqbox · wall_segment Palisade Wall x1 |
| 9:47 | [LuB]myqbox · wall_segment Palisade Wall x1 |
| 9:53 | [LuB]myqbox · wall_segment Palisade Wall x1 |
| 11:31 | Sharky aoe · wall_segment Palisade Wall x1 |
| 11:32 | Sharky aoe · wall_segment Palisade Wall x1 |
| 11:33 | Sharky aoe · wall_segment Palisade Wall x1 |
| 11:34 | Sharky aoe · wall_segment Palisade Wall x1 |
| 11:37 | Sharky aoe · wall_segment Palisade Wall x1 |
| 11:39 | Sharky aoe · wall_segment Palisade Wall x1 |
| 11:46 | [LuB]myqbox · age_up feudal |
| 12:17 | [LuB]myqbox · wall_segment Stone Wall x1 |
| 12:21 | [LuB]myqbox · first_building Archery Range |
| 12:25 | Sharky aoe · wall_segment Palisade Wall x1 |
| 12:26 | Sharky aoe · wall_segment Palisade Wall x1 |
| 13:16 | [LuB]myqbox · resign |
[ AI ANALYSIS · 1 CREDIT ]
What really happened in this match?
Wolo.gg analyzes every decision: build order, eco, micro, common mistakes by bracket. Personalized analysis on WhatsApp or Discord in 30 seconds.
Civ guide
Malians
Perfil
Jugador #9702563